Map: Blueshift LE

Players

IHAVENONAME - Winner!

  • Race: Zerg Zerg
  • League: Silver
  • Spawn Location: 7:00

Gavin

  • Race: Zerg Zerg
  • League: Gold
  • Spawn Location: 1:00

VOD

Have the link to the VOD?

Description

Time

  • Played on: Nov. 29, 2018, 5:35 p.m.
  • Length: 9:52
Show
View Real Time Build Order
Export as new Build Order

IHAVENONAME Zerg - Winner!

Build Orders: Hatch First 

Get SALT Encoding   

  12  0:07  Overlord  
  12  0:13  Drone  
  13  0:16  Drone  
  14  0:27  Drone  
  15  0:30  Drone  
  16  0:42  Drone  
  17  0:55  Hatchery  
  16  0:58  Drone  
  16  1:02  Drone  
  18  1:13  Spawning Pool  
  18  1:16  Drone  
  18  1:23  Drone  
  19  1:27  Extractor  
  18  1:34  Drone  
  19  1:45  Overlord  
  19  1:57  Drone  
  19  2:00  Queen  
  22  2:10  Roach Warren  
  22  2:11  Queen  
  22  2:12  Drone  
  22  2:13  Drone  
  25  2:27  Drone x2  
  27  2:30  Drone  
  27  2:31  Metabolic Boost  
  27  2:35  Extractor, Drone  
  28  2:45  Drone x2  
  30  2:53  Queen  
  30  2:55  Roach  
  30  2:57  Roach  
  36  3:05  Overlord  
  36  3:25  Drone x2  
  36  3:26  Drone x6  
  44  3:31  Lair  
  44  3:45  Overlord x3  
  44  3:57  Overlord  
  44  4:02  Extractor  
  44  4:05  Drone x3  
  44  4:07  Drone x4  
  50  4:15  Roach  
  52  4:26  Evolution Chamber  
  52  4:28  Drone x2  
  52  4:30  Evolution Chamber, Roach x4  
  60  4:36  Glial Reconstitution  
  60  4:46  Zergling x8  
  64  4:55  Extractor, Roach x4  
  71  5:00  Zerg Missile Weapons Level 1  
  71  5:07  Zergling x2  
  71  5:08  Zergling x8  
  76  5:17  Overlord x2  
  76  5:35  Drone  
  76  5:36  Drone x5  
  82  5:43  Roach  
  82  5:44  Roach  
  86  5:50  Hatchery  
  86  5:53  Spire  
  86  5:54  Tunneling Claws  
  86  5:55  Drone x2  
  84  6:16  Roach  
  84  6:17  Roach x2  
  84  6:18  Overlord x4  
  90  6:32  Zergling x2  
  91  6:39  Overlord x4  
  91  6:40  Zergling x2  
  91  6:41  Zergling x8  
  91  6:46  Hydralisk Den  
  95  6:49  Zerg Ground Armor Level 1  
  95  7:04  Drone  
  95  7:05  Queen, Drone x4  
  102  7:09  Zerg Flyer Weapons Level 1  
  97  7:25  Mutalisk  
  97  7:26  Mutalisk x5  
  97  7:28  Drone  
  110  7:42  Mutalisk  
  110  7:43  Mutalisk x4  
  120  7:46  Drone  
  120  7:47  Drone  
  120  7:51  Extractor x2  
  120  8:12  Mutalisk x3  
  122  8:17  Drone x4  
  122  8:18  Drone x7  
  137  8:33  Mutalisk x3  
  136  8:41  Drone  
  136  8:42  Drone x3  
  140  8:50  Mutalisk  
  140  8:51  Mutalisk x2  
  145  9:01  Mutalisk  
  144  9:02  Zergling x2  
  144  9:03  Zergling x10  
  145  9:14  Zergling x4  
  145  9:15  Zergling x8  
Show
View Real Time Build Order
Export as new Build Order

Gavin Zerg 

Build Orders: Hatch First, Ravager All-In 

Get SALT Encoding   

  12  0:00  Drone  
  13  0:13  Overlord  
  13  0:17  Drone  
  14  0:46  Hatchery  
  13  0:53  Drone  
  13  0:54  Drone x2  
  16  1:10  Spawning Pool  
  15  1:20  Drone x2  
  17  1:27  Drone  
  17  1:32  Extractor  
  17  1:40  Drone  
  18  1:57  Queen  
  18  1:58  Queen  
  18  2:00  Drone x3  
  25  2:08  Overlord  
  25  2:18  Drone  
  26  2:40  Roach Warren  
  26  2:43  Drone x3  
  26  2:44  Drone x3  
  31  2:49  Queen  
  33  2:59  Drone  
  33  3:00  Drone  
  35  3:08  Extractor  
  35  3:09  Extractor, Drone x2  
  34  3:21  Lair  
  34  3:24  Roach  
  36  3:38  Overlord x4  
  36  3:58  Roach x6  
  48  4:03  Drone  
  48  4:04  Drone  
  50  4:17  Drone  
  50  4:18  Drone x4  
  55  4:27  Evolution Chamber  
  55  4:28  Roach  
  55  4:30  Drone x2  
  58  4:40  Drone x3  
  58  4:41  Drone  
  58  4:44  Overlord  
  62  4:50  Ravager x3  
  62  4:51  Ravager x3  
  68  5:02  Roach x2  
  68  5:03  Roach x2  
  76  5:10  Zerg Ground Armor Level 1  
  76  5:11  Overlord  
  76  5:18  Evolution Chamber, Drone  
  76  5:30  Roach x3  
  76  5:31  Roach  
  76  5:32  Overlord  
  84  5:48  Glial Reconstitution  
  84  5:52  Metabolic Boost  
  84  5:55  Drone x3  
  84  5:56  Drone x4  
  91  6:11  Hatchery  
  90  6:24  Roach  
  92  6:26  Overlord x4  
  92  6:46  Roach x3  
  92  6:47  Roach x3  
  104  7:09  Roach x2  
  104  7:10  Roach x2  
  112  7:25  Roach x3  
  118  7:31  Extractor  
  118  7:34  Drone x4  
  118  7:35  Drone x5  
  126  7:46  Spore Crawler  
  126  7:50  Roach x2  
  129  8:11  Overlord  
  129  8:12  Overlord x8  
  129  8:13  Overlord  
  108  8:44  Hydralisk Den  
  108  8:47  Queen  
  106  8:49  Queen  
  106  8:55  Roach  
  112  8:56  Zergling x6, Roach  
  81  9:13  Hydralisk x4  
  81  9:14  Hydralisk x3  
  81  9:16  Hydralisk x4  
Tags
 
Add a new tag
Caveats
  • Supply blocks, unpowered buildings, or Contaminate may cause inaccurate times.
  • Supply counts are checked every 10 seconds.